 Dungeon Crawl Stone Soup version 0.26.1-2-gb8aa6d0cf2 (webtiles) character file.

Game seed: 1845856015161308245

51 Thatpatchoflichen the Skirmisher (level 3, -6/39 HPs)
             Began as an Ogre Fighter on Mar 25, 2021.
             Mangled by a gnoll
             ... wielding a +0 halberd
              (7 damage)
             ... on level 2 of the Dungeon.
             The game lasted 00:06:02 (2436 turns).

Thatpatchoflichen the Skirmisher (Ogre Fighter)     Turns: 2436, Time: 00:06:03

Health: -6/39      AC:  3    Str: 20    XL:     3   Next: 83%
Magic:  0/3        EV: 11    Int:  9    God:
Gold:   79         SH:  0    Dex:  9    Spells: 2/2 levels left

rFire    . . .     SeeInvis .   a - +0 flail
rCold    . . .     Faith    .   (no shield)
rNeg     . . .     Spirit   +   b - +0 robe
rPois    .         Reflect  .   (helmet restricted)
rElec    .         Harm     .   f - scarf {shadows}
rCorr    .         Rampage  .   (gloves unavailable)
Will     .....                  (boots unavailable)
Stlth    ++........             g - amulet of guardian spirit
HPRegen  0.13/turn              e - ring of stealth
MPRegen  0.08/turn              (no ring)

@: no status effects
A: large, unfitting armour, tough skin 1
a: no special abilities


You were on level 2 of the Dungeon.
You visited 1 branch of the dungeon, and saw 2 of its levels.

You collected 79 gold pieces.

Inventory:

Hand Weapons
 a - a +0 flail (weapon)
 h - a +1 dagger of draining
Armour
 b - a +0 robe (worn)
 c - a +0 kite shield
 f - a scarf of shadows (worn)
Jewellery
 e - a ring of stealth (left hand)
 g - an amulet of guardian spirit (around neck)
 r - an uncursed ring of protection from cold {unknown}
Scrolls
 l - 3 scrolls of remove curse
 n - 2 scrolls of teleportation {unknown}
 o - a scroll of fog {unknown}
 q - a scroll of blinking {unknown}
Potions
 d - a potion of might
 i - 2 potions of haste {unknown}
 j - a potion of heal wounds {unknown}
 k - a potion of curing {unknown}
 m - a potion of flight {unknown}
 p - a potion of berserk rage {unknown}


   Skills:
 - Level 4.0 Fighting
 + Level 2.6 Maces & Flails
 + Level 3.7 Dodging
 - Level 2.6 Shields


You had 2 spell levels left.
You didn't know any spells.
Your spell library was empty.

Dungeon Overview and Level Annotations

Branches:
Dungeon (2/15)

Altars:


Innate Abilities, Weirdness & Mutations

You are too large for most types of armour.
You have tough skin. (AC +1)


Message History

Things that are here:
a +0 dagger; 16 stones
There is a stone staircase leading up, spattered with blood here.
You see here 5 stones.
The gnoll hits you but does no damage.
Things that are here:
a +0 dagger; 16 stones
There is a stone staircase leading up, spattered with blood here.
You see here 5 stones.
The gnoll barely misses you. The gnoll hits you with a +0 spear!
Things that are here:
a +0 dagger; 16 stones The gnoll hits you from afar with a +0 halberd!
* * * LOW HITPOINT WARNING * * *
The gnoll hits you from afar with a +0 spear.
* * * LOW HITPOINT WARNING * * *
There is a stone staircase leading up, spattered with blood here.
You see here 5 stones.
The gnoll hits you from afar with a +0 halberd!
You die...

PPPP≈..P#♣#....# #.## ##.#
#PP.....P##.#######.#
#...#
.#.......P#..........
..###
.#..§§.......##...####...#
.#.......P#..##.....#..#
#........P#g..........#
P#P#....P♣#gg.........# #
#♣♣P♣♣♣#)......÷...#
######@..........#
#....)##.........#
##..#####[........#
####...# #.........#
#....### #.........#
###### #.........#
#.........# #........
##......


You could see 3 gnolls.

Vanquished Creatures
  An adder (D:2)
  A dart slug (D:1)
  3 leopard geckos (D:2)
  3 giant cockroaches
  2 goblins (D:1)
  4 hobgoblins
  9 kobolds
  4 bats
  2 frilled lizards (D:1)
  8 rats
37 creatures vanquished.

Vanquished Creatures (others)
  8 plants
8 creatures vanquished.

Grand Total: 45 creatures vanquished

Notes
Turn   | Place    | Note
-------+----------+-------------------------------------------
     0 | D:1      | Thatpatchoflichen the Ogre Fighter began the quest for the
                  | Orb.
     0 | D:1      | Reached XP level 1. HP: 24/24 MP: 1/1
   345 | D:1      | Reached XP level 2. HP: 32/32 MP: 2/2
  1599 | D:2      | Reached XP level 3. HP: 36/39 MP: 3/3
  2435 | D:2      | HP: 1/39 [gnoll/+0 spear (5)]
  2436 | D:2      | Mangled by a gnoll

Illustrated notes

Levels and vault maps discovered:
D:1:      heliophobic_arrival_henge, layout_basic, serial_bayou_lake_a
D:2:      layout_rooms, minmay_misc_feat_pillars, lexackson_kobold_supper

Skill      XL: |  1 |
---------------+----+-----
Maces & Flails | 2 |  2.6
Dodging        | 3 |  3.7
Fighting       | |  4.0
Shields        | |  2.6

Action                   || total
-------------------------++-------
Melee: Flail             ||   152
  Use: Scroll            ||     1
 Stab: Sleeping          ||     7
Armor: Robe              ||    51
Dodge: Dodged            ||    85
Block: Kite shield       ||    69
